 Dungeon Crawl Stone Soup version 0.23.0 (webtiles) character file.

Game seed: 8637192427517323763

83 doot the Skirmisher (level 4, -9/40 HPs)
             Began as a Draconian Abyssal Knight on Feb 12, 2019.
             Was a Believer of Lugonu.
             Killed by divine providence
             ... invoked by an orc priest
              (15 damage)
             ... on level 3 of the Dungeon.
             The game lasted 00:06:54 (1665 turns).

doot the Skirmisher (Draconian Abyssal Knight)      Turns: 1665, Time: 00:06:56

Health: -9/40      AC:  5    Str: 12 (14) XL:     4   Next: 22%
Magic:  0/5        EV: 12    Int: 12 (14) God:    Lugonu [**....]
Gold:   159        SH:  0    Dex:  8 (10) Spells: 3/3 levels left

rFire    + . .     SeeInvis .   a - +1 spear
rCold    . . .     Gourm    .   (no shield)
rNeg     . . .     Faith    .   (armour unavailable)
rPois    .         Spirit   +   (helmet restricted)
rElec    .         Reflect  .   (no cloak)
rCorr    .         Harm     .   (no gloves)
MR       .....                  (no boots)
Stlth    +.........             h - amulet of guardian spirit
HPRegen  0.13/turn              n - ring of protection from fire
MPRegen  0.09/turn              (no ring)

@: no status effects
A: unfitting armour, cold-blooded, AC +5
a: Depart the Abyss, Bend Space, Renounce Religion


You were on level 3 of the Dungeon.
You worshipped Lugonu.
Lugonu was pleased with you.
You were hungry.

You visited 1 branch of the dungeon, and saw 3 of its levels.
You visited the Abyss 1 time.

You collected 159 gold pieces.

Inventory:

Hand Weapons
 a - a +1 spear (weapon)
 e - a +0 war axe
Jewellery
 h - an amulet of guardian spirit (around neck)
 n - a ring of protection from fire (left hand)
Wands
 g - a wand of digging (6)
Scrolls
 c - 2 scrolls of immolation {unknown}
 d - a scroll of magic mapping {unknown}
 j - 3 scrolls of random uselessness {unknown}
 k - 2 scrolls of remove curse {unknown}
 l - 2 scrolls of fear {unknown}
Potions
 i - 3 potions of curing {unknown}
 m - a potion of lignification {unknown}
 o - a potion of degeneration
 p - 2 potions of might {unknown}
Miscellaneous
 f - a phantom mirror
Comestibles
 b - 7 rations


   Skills:
 + Level 4.1 Fighting
 + Level 3.0 Polearms
 + Level 2.7 Dodging
 + Level 0.8 Stealth
 + Level 2.1 Invocations


You had 3 spell levels left.
You didn't know any spells.
Your spell library was empty.

Dungeon Overview and Level Annotations

Branches:
Dungeon (3/15)

Altars:
Fedhas

Annotations:
D:2 Sigmund


Innate Abilities, Weirdness & Mutations

Your plain brown scales are hard. (AC +5)
You cannot fit into any form of body armour.
You are cold-blooded and may be slowed by cold attacks.


Message History

The orc closely misses you. The orc priest closely misses you.
You closely miss the orc priest.
The orc priest is moderately wounded.
The orc misses you. The orc priest hits you with a +0 club.
You hit the orc priest.
The orc priest is heavily wounded.
The orc completely misses you.
The orc priest hits you but does no damage.
You barely miss the orc priest.
The orc priest is heavily wounded.
You are feeling hungry.
The orc hits you with a +1 whip of electrocution.
The orc priest barely misses you.
You closely miss the orc priest.
The orc priest is heavily wounded.
The orc hits you but does no damage.
You are electrocuted!
* * * LOW HITPOINT WARNING * * *
The orc priest invokes the aid of Beogh against you.
Beogh smites you!
You die...

#.# #.# #.#.#
##.## ##....# #...
.......
#..###.......
#..##........
#.####..##........
#.......@#.%.>....
######..ooo.....#
#.#(#####.##
##.#.# ##....#
###.....#
#.......#
#)#.....#
#.##....#


You could see an orc priest and 2 orcs.

Vanquished Creatures
  A gnoll (D:2)
  An adder (D:3)
  An ufetubus (Abyss:1)
  4 dart slugs
  A leopard gecko (D:3)
  An orc (D:3)
  A ball python (D:1)
  2 giant cockroaches
  8 goblins
  5 hobgoblins
  6 bats (D:1)
  5 frilled lizards
  7 kobolds
  3 rats
46 creatures vanquished.

Notes
Turn   | Place    | Note
-------+----------+-------------------------------------------
     0 | Abyss:1  | doot the Draconian Abyssal Knight began the quest for the
                  | Orb.
     0 | Abyss:1  | Reached XP level 1. HP: 19/19 MP: 2/2
    84 | Abyss:1  | Noticed a snapping turtle simulacrum
   116 | Abyss:2  | Found a corrupted altar of Lugonu.
   126 | Abyss:2  | Noticed a deep elf sorcerer
   130 | D:1      | Escaped the Abyss
   275 | D:1      | Reached XP level 2. HP: 24/27 MP: 3/3
   289 | D:1      | Reached * piety under Lugonu
   851 | D:1      | Reached skill level 4 in Fighting
   908 | D:1      | Reached XP level 3. HP: 33/33 MP: 4/4
  1268 | D:2      | Found a blossoming altar of Fedhas.
  1331 | D:2      | Noticed Sigmund
  1348 | D:2      | Reached ** piety under Lugonu
  1513 | D:3      | Reached XP level 4. HP: 28/40 MP: 5/5
  1665 | D:3      | Killed from afar by an orc priest

Skill      XL: |  1  2  3  4 |
---------------+-------------+-----
Fighting       | 4 |  4.1
Polearms       | 3 |  3.0
Dodging        | |  2.7
Stealth        | |  0.8
Invocations    | |  2.1

Action                   |  1- 3 |  4- 6 || total
-------------------------+-------+-------++-------
Melee: Spear             |   107 |    34 ||   141
       Tailslap          |     4 |     2 ||     6
Invok: Depart the Abyss  |     1 |       ||     1
  Use: Potion            |     1 |       ||     1
 Stab: Sleeping          |     2 |       ||     2
       Distracted        |     1 |       ||     1
  Eat: Chunk             |     2 |       ||     2
Armor: Skin              |    13 |     6 ||    19
Dodge: Dodged            |    45 |    26 ||    71
